 Dungeon Crawl Stone Soup version 0.24.0-2-g5b39cebb1c (webtiles) character file.

Game seed: 7683101905334621248, levelgen mode: deterministic

26 Masnef the Ruffian (level 3, 0/36 HPs)
             Began as an Ogre Warper on Oct 30, 2019.
             Slain by an adder (3 damage)
             ... on level 1 of the Dungeon on Oct 31, 2019.
             The game lasted 00:02:05 (1163 turns).

Masnef the Ruffian (Ogre Warper)                    Turns: 1163, Time: 00:02:06

Health: 0/36       AC:  3    Str: 15    XL:     3   Next: 8%
Magic:  6/6        EV: 10    Int: 14    God:
Gold:   37         SH:  0    Dex:  9    Spells: 6/6 levels left

rFire    . . .     SeeInvis .     - Unarmed
rCold    . . .     Gourm    .   (no shield)
rNeg     . . .     Faith    .   a - +0 robe
rPois    .         Spirit   .   (helmet restricted)
rElec    .         Reflect  .   (no cloak)
rCorr    .         Harm     .   (gloves unavailable)
MR       .....                  (boots unavailable)
Stlth    +.........             (no amulet)
HPRegen  0.12/turn              (no ring)
MPRegen  0.10/turn              (no ring)

@: lethally poisoned (0 -> -5)
A: large, unfitting armour, tough skin 1
a: no special abilities


You were on level 1 of the Dungeon.
You were not hungry.

You visited 1 branch of the dungeon, and saw 2 of its levels.

You collected 37 gold pieces.

Inventory:

Missiles
 d - 5 boomerangs of dispersal (quivered)
 g - 21 arrows
Armour
 a - a +0 robe (worn)
Scrolls
 b - a scroll of immolation {unknown}
 c - a scroll of blinking
Potions
 e - a potion of heal wounds {unknown}
Comestibles
 f - a ration


   Skills:
 - Level 2.6 Fighting
 - Level 1.0 Throwing
 - Level 2.1 Dodging
 + Level 3.1 Unarmed Combat
 - Level 2.4 Spellcasting
   Level 2.6 Translocations


You had 6 spell levels left.
You didn't know any spells.
Your spell library contained the following spells:

 Spells                   Type           Power        Failure   Level  Hunger
 Blink                    Tloc           N/A          12%         2    ###....
 Shroud of Golubria       Chrm/Tloc      #.....       21%         2    ###....
 Gell's Gravitas          Tloc           #.........   22%         3    ###....
 Lesser Beckoning         Tloc           #.........   22%         3    ###....
 Teleport Other           Tloc           #.......     22%         3    ###....
 Passage of Golubria      Tloc           N/A          58%         4    #####..


Dungeon Overview and Level Annotations

Branches:
Dungeon (2/15)

Altars:

Annotations:
D:1 Terence


Innate Abilities, Weirdness & Mutations

You are too large for most types of armour.
You have tough skin. (AC +1)


Message History

You barely miss the adder.
The adder is heavily wounded.
The adder barely misses you. The adder bites you.
* * * LOW HITPOINT WARNING * * *
You miss the adder.
The adder is heavily wounded.
* * * LOW HITPOINT WARNING * * *
You feel sick. The adder bites you but does no damage.
You closely miss the adder.
The adder is heavily wounded.
The adder closely misses you.
You hit the adder.
The adder is almost dead.
* * * LOW HITPOINT WARNING * * *
You feel sick. The adder bites you but does no damage.
You barely miss the adder.
The adder is almost dead.
* * * LOW HITPOINT WARNING * * *
You feel sick. The adder bites you but does no damage. The adder bites you.
You die...

......#
#...####.#########.####
......# ##..####(#########.#
......# #...............#.#
......######...###.###.......#
...............# #.# #.......#
...............# #.# #.......#
#####..........# #.# #.......#
############..g###.###.......#
..............@S@....'.......#
..............####.###.......#
....................##.......#
..................#.##.......#
..............#.###.##.......#
###############.# #.####'#.#.#
#.# #.# #.#.#.#### #.# #.#
#.#.#..... #.# #.# #.#.######


You could see Terence, an adder and a hobgoblin.

Vanquished Creatures
  2 dart slugs (D:1)
  A leopard gecko (D:1)
  2 bats (D:1)
  A goblin (D:1)
  2 hobgoblins (D:1)
  3 jackals (D:1)
  3 kobolds (D:1)
  2 frilled lizards (D:1)
  4 rats (D:1)
20 creatures vanquished.

Notes
Turn   | Place    | Note
-------+----------+-------------------------------------------
     0 | D:1      | Masnef the Ogre Warper began the quest for the Orb.
     0 | D:1      | Reached XP level 1. HP: 22/22 MP: 3/3
   165 | D:1      | Reached skill level 2 in Unarmed Combat
   249 | D:1      | Reached XP level 2. HP: 26/29 MP: 5/5
   816 | D:1      | Reached skill level 3 in Unarmed Combat
   993 | D:2      | Noticed Terence
  1005 | D:1      | Reached XP level 3. HP: 29/36 MP: 6/6
  1163 | D:1      | Slain by an adder

Levels and vault maps discovered:
D:1:      scummos_arrival_star, layout_basic
D:2:      layout_rooms, minivault_26, uniq_terence

Skill      XL: |  1  2 |
---------------+-------+-----
Unarmed Combat | 2 3 |  3.1
Fighting       | |  2.6
Throwing       | |  1.0
Dodging        | |  2.1
Spellcasting   | |  2.4
Translocations | |  2.6

Action                   || total
-------------------------++-------
Melee: Unarmed           ||   116
       Punch             ||     1
  Eat: Chunk             ||     1
Armor: Robe              ||    46
Dodge: Dodged            ||    89
